 Dungeon Crawl Stone Soup version 0.23.2 (webtiles) character file.

Game seed: 12907744476003433367

6 Goblin1989 the Charmwright (level 1, -1/16 HPs)
             Began as a Demonspawn Skald on Apr 3, 2019.
             Slain by a frilled lizard (2 damage)
             ... on level 1 of the Dungeon.
             The game lasted 00:00:47 (514 turns).

Goblin1989 the Charmwright (Demonspawn Skald)        Turns: 514, Time: 00:00:48

Health: -1/16      AC:  3    Str: 11    XL:     1   Next: 75%
Magic:  3/3        EV: 11    Int: 14    God:
Gold:   10         SH:  0    Dex: 12    Spells: 3/4 levels left

rFire    . . .     SeeInvis .     - Unarmed
rCold    . . .     Gourm    .   (no shield)
rNeg     . . .     Faith    .   a - +0 leather armour
rPois    .         Spirit   .   (no helmet)
rElec    .         Reflect  .   (no cloak)
rCorr    .         Harm     .   (no gloves)
MR       .....                  (no boots)
Stlth    +.........             (no amulet)
HPRegen  0.05/turn              (no ring)
MPRegen  0.08/turn              (no ring)

@: no status effects
A: no striking features
a: no special abilities


You were on level 1 of the Dungeon.
You were not hungry.

You visited 1 branch of the dungeon, and saw 1 of its levels.

You collected 10 gold pieces.

Inventory:

Missiles
 f - 18 sling bullets
 g - 21 stones (quivered) {@Q3}
Armour
 a - a +0 leather armour (worn)
Scrolls
 i - 2 scrolls of identify {unknown}
 k - a scroll of teleportation {unknown}
 l - 2 scrolls of magic mapping {unknown}
Potions
 j - a potion of magic {unknown}
Comestibles
 e - 2 rations
 h - 2 chunks of flesh


   Skills:
 - Level 2.0 Fighting
 - Level 0.8 Armour
 - Level 1.7 Dodging
 + Level 2.3 Unarmed Combat
 - Level 2.0 Spellcasting
 - Level 2.6 Charms


You had 3 spell levels left.
You knew the following spells:

 Your Spells              Type           Power        Failure   Level  Hunger
a - Infusion              Chrm           #...         11%         1    ##.....

Your spell library contained the following spells:

 Spells                   Type           Power        Failure   Level  Hunger
 Song of Slaying          Chrm           #.......     16%         2    ###....
 Shroud of Golubria       Chrm/Tloc      #.........   26%         2    ###....
 Regeneration             Chrm/Necr      #.........   47%         3    ####...
 Spectral Weapon          Hex/Chrm       #.......     47%         3    ####...


Dungeon Overview and Level Annotations

Branches:
Dungeon (1/15)

Altars:


Message History

No target in view!
No target in view!
No target in view!
No target in view!
No target in view!
No target in view!
No target in view!
No target in view!
No target in view!
No target in view!
No target in view!
No target in view!
You butcher the frilled lizard corpse.
h - 4 chunks of flesh (gained 1)
You see here a frilled lizard skeleton. x2
Health restored: 16
l - 2 scrolls labeled COTSASHREJEU (gained 1)
You now have 10 gold pieces (gained 4).
Some of the chunks of flesh in your inventory have rotted away.
Found a stone staircase leading down.
A leopard gecko comes into view.
The leopard gecko hisses angrily.
You hear an angry hiss.
A frilled lizard comes into view.
You see here a scroll labeled BAMETAD OQAM.
The leopard gecko bites you.
You take 3 damage, and have 13/16 hp.
You closely miss the leopard gecko. The leopard gecko bites you.
You take 2 damage, and have 11/16 hp.
You hit the leopard gecko.
The leopard gecko is severely wounded.
The leopard gecko closely misses you. The frilled lizard closely misses you.
You barely miss the leopard gecko.
The leopard gecko is severely wounded.
The leopard gecko misses you.
The frilled lizard bites you but does no damage.
You hit the leopard gecko.
The leopard gecko is almost dead.
The leopard gecko bites you.
You take 1 damage, and have 10/16 hp.
You completely miss the leopard gecko.
The leopard gecko is almost dead.
The leopard gecko bites you but does no damage.
The frilled lizard barely misses you. The leopard gecko barely misses you.
You miss the leopard gecko.
The leopard gecko is almost dead.
The frilled lizard misses you. The leopard gecko barely misses you.
You closely miss the leopard gecko.
The leopard gecko is almost dead.
The frilled lizard bites you. The leopard gecko closely misses you.
You take 1 damage, and have 9/16 hp.
You are too injured to fight recklessly!
You are too injured to fight recklessly!
You are too injured to fight recklessly!
You are too injured to fight recklessly!
You are too injured to fight recklessly!
You are too injured to fight recklessly!
You are too injured to fight recklessly!
You are too injured to fight recklessly!
You are too injured to fight recklessly!
You are too injured to fight recklessly!
You are too injured to fight recklessly!
You are too injured to fight recklessly!
You are too injured to fight recklessly!
You are too injured to fight recklessly!
You are too injured to fight recklessly!
You are too injured to fight recklessly!
You are too injured to fight recklessly!
You are too injured to fight recklessly!
You are too injured to fight recklessly!
You are too injured to fight recklessly!
You are too injured to fight recklessly!
You are too injured to fight recklessly!
You are too injured to fight recklessly!
You are too injured to fight recklessly!
You hit the leopard gecko but do no damage.
The leopard gecko is almost dead.
The frilled lizard bites you.
* * * LOW HITPOINT WARNING * * *
The leopard gecko bites you.
* * * LOW HITPOINT WARNING * * *
You take 6 damage, and have 3/16 hp.
MASSIVE DAMAGE!!
You hit the leopard gecko but do no damage.
The leopard gecko is almost dead.
The frilled lizard closely misses you. The leopard gecko closely misses you.
You closely miss the leopard gecko.
The leopard gecko is almost dead.
The leopard gecko bites you.
* * * LOW HITPOINT WARNING * * *
The frilled lizard bites you but does no damage.
You take 1 damage, and have 2/16 hp.
You barely miss the leopard gecko.
The leopard gecko is almost dead.
The leopard gecko bites you.
* * * LOW HITPOINT WARNING * * *
The frilled lizard barely misses you. The leopard gecko closely misses you.
You take 1 damage, and have 1/16 hp.
You barely miss the leopard gecko.
The leopard gecko is almost dead.
The frilled lizard bites you.
You die...

█.█.. █.█.█
█.█.█
█.█.███ █
███.█.?.██
█.
█....)!..███
█.
█.█.........
██
█.█.?.>..███
██ █
█.@..$██ ...
██ll..█ ███
█......█ ..
....?█.█ ..
█..███.█ ..
█..█ █ .
█..█ . █..█
. .


You could see a leopard gecko and a frilled lizard.

Vanquished Creatures
  A goblin (D:1)
  2 bats (D:1)
  2 frilled lizards (D:1)
  A kobold (D:1)
  2 rats (D:1)
8 creatures vanquished.

Notes
Turn   | Place    | Note
-------+----------+-------------------------------------------
     0 | D:1      | Goblin1989 the Demonspawn Skald began the quest for the
                  | Orb.
     0 | D:1      | Reached XP level 1. HP: 16/16 MP: 3/3
   514 | D:1      | Slain by a frilled lizard

Skill      XL: |  1 |
---------------+----+-----
Unarmed Combat | 2 |  2.3
Fighting       | |  2.0
Armour         | |  0.8
Dodging        | |  1.7
Spellcasting   | |  2.0
Charms         | |  2.6

Action                   || total
-------------------------++-------
Melee: Unarmed           ||    54
 Stab: Sleeping          ||     1
Armor: Leather armour    ||    20
Dodge: Dodged            ||    37

Levels and vault maps discovered:
D:1:      erik_arrival_gehennom, layout_loops_ring
